 Dungeon Crawl Stone Soup version 0.31-a0-210-gccc998df9b (webtiles) character file.

Game seed: 14171820816070172015

32 qw the Shooter (level 3, 0/29 HPs)
             Began as a Minotaur Hexslinger on June 30, 2023.
             Slain by a gnoll
             ... wielding a +0 whip of holy wrath
              (6 damage)
             ... on level 2 of the Dungeon.
             The game lasted 00:00:18 (1032 turns).

qw the Shooter (Minotaur Hexslinger)                Turns: 1032, Time: 00:00:18

Health: 0/29       AC:  5    Str:  9 (12) XL:     3   Next: 10%
Magic:  3/3        EV: 10    Int:  8 (10) God:
Gold:   19         SH:  0    Dex: 11 (14) Spells: 3/4 levels left

rFire   . . .        Y - +1 sling
rCold   . . .        (no shield)
rNeg    . . .        e - +0 ring mail
rPois   .            (helmet restricted)
rElec   .            (no cloak)
rCorr   .            (no gloves)
SInv    .            (no boots)
Will    .....        (no amulet)
Stlth   +            (no ring)
HPRegen 0.24/turn    (no ring)
MPRegen 0.08/turn

%: no passive effects
@: no status effects
A: horns 2, retaliatory headbutt
a: no special abilities


You were on level 2 of the Dungeon.
You visited 1 branch of the dungeon, and saw 2 of its levels.

You collected 19 gold pieces.


Innate Abilities, Weirdness & Mutations

You have a pair of horns on your head.
You reflexively headbutt those who attack you in melee.


   Skills:
 - Level 2.0 Fighting
 + Level 3.6 Ranged Weapons
 - Level 2.1 Dodging
 - Level 1.0 Spellcasting
 - Level 2.0 Hexes


You had 3 spell levels left.
You knew the following spells:

 Your Spells              Type           Power      Damage    Failure   Level
a - Slow                  Hex            12%        N/A       43%         1

Your spell library contained the following spells:

 Spells                   Type           Power      Damage    Failure   Level
 Inner Flame              Hex/Fire       2%         N/A       91%         3
 Portal Projectile        Hex/Tloc       4%         N/A       91%         3
 Cause Fear               Hex            1%         N/A       99%         4

Inventory:

Hand Weapons
 Y - a +1 sling (weapon)
Armour
 e - a +0 ring mail (worn)
Potions
 a - a potion of resistance {unknown}
 g - 2 potions of heal wounds {unknown}

Dungeon Overview and Level Annotations

Branches:
Dungeon (2/15)

Altars:

Shops:
D:1 (   D:2 (


Message History

You start resting.
HP restored.
Things that are here:
a +0 short sword; a kobold corpse
There is an entrance to Xoisaps's Antique Weapon Boutique here.
A rat comes into view.
Found a hand axe.
You shoot a sling bullet. The sling bullet hits the rat!
You kill the rat! 3 gnolls come into view.
A gnoll is wielding a +0 whip of holy wrath.
The gnoll shouts! x2
Enter note:
Enter note: You shoot a sling bullet.
The sling bullet closely misses the gnoll.
The sling bullet hits the gnoll.
The gnoll is moderately wounded.
The gnoll barely misses you.
A gnoll comes into view.
It is wielding a +4 halberd of freezing.
You shoot a sling bullet. The gnoll shouts!
The sling bullet hits the gnoll but does no damage.
The gnoll closely misses you. You furiously retaliate!
You headbutt the gnoll. You shoot a sling bullet.
The sling bullet closely misses the gnoll.
The gnoll misses you.
You shoot a sling bullet. The sling bullet hits the gnoll.
The gnoll is severely wounded.
The gnoll hits you with a +0 whip of holy wrath.
You shoot a sling bullet.
The sling bullet closely misses the gnoll. x2
The gnoll misses you. x2; The gnoll hits you with a +0 whip.
The gnoll hits you from afar with a +4 halberd of freezing!
The gnoll freezes you.
You shoot a sling bullet.
The sling bullet completely misses the gnoll.
The sling bullet barely misses the gnoll.
The gnoll hits you with a +0 whip of holy wrath.
You die...

#####... # .... .....
#. #...# ###.##
#.####.... #.#.
#.)...... #.#.
####$..... #.#.
.......gg #...
#..gg###+#########.##
#...@..#.#.....\.#.#
###....#.#.####..#.#
#####..#...# ##...##
#.........## ######
#.#######.# # #.# #
..# # ### #


You could see 4 gnolls.

Vanquished Creatures
  2 dart slugs (D:1)
  4 ball pythons (D:1)
  2 endoplasms
  A giant cockroach (D:1)
  A hobgoblin (D:1)
  3 kobolds
  3 quokkas (D:1)
  A bat (D:2)
  4 frilled lizards
  A goblin (D:1)
  5 rats
27 creatures vanquished.

Notes
Turn   | Place    | Note
-------+----------+-------------------------------------------
     0 | D:1      | qw the Minotaur Hexslinger began the quest for the Orb.
     0 | D:1      | Reached XP level 1. HP: 16/16 MP: 1/1
     0 | D:1      | 0 ||| qw: Version: 0.3-a-26-gee661ec
     0 | D:1      | 0 ||| qw: Game counter: 7232
     0 | D:1      | 0 ||| qw: Melee chars always use a shield: true
     0 | D:1      | 0 ||| qw: God list: Okawaru
     0 | D:1      | 0 ||| qw: Allow faded altars: false
     0 | D:1      | 0 ||| qw: Do Orc after clearing Dungeon:15 true
     0 | D:1      | 0 ||| qw: Do second Lair branch before Depths: true
     0 | D:1      | 0 ||| qw: Lair rune preference: random
     0 | D:1      | 0 ||| qw: Goals: Normal
     0 | D:1      | 0 ||| PLANNING D:1-11
    86 | D:1      | Found Pyoska's Weapon Emporium.
   167 | D:1      | Reached skill level 3 in Ranged Weapons
   167 | D:1      | Reached XP level 2. HP: 23/23 MP: 2/2
   748 | D:1      | 748 ||| UPGRADING to +0 ring mail.
   758 | D:1      | 758 ||| DROPPING +0 robe.
   759 | D:1      | 759 ||| READING scroll labelled SOELUA NYWUYLE.
   760 | D:1      | 760 ||| READING scroll labelled PUESCH ZEOCWEAMOCH.
   806 | D:1      | 806 ||| READING scroll labelled XETORI JYOMYO.
   807 | D:1      | 807 ||| DRINKING 2 fuming amethyst potions.
   808 | D:1      | 808 ||| DROPPING scroll of poison.
   809 | D:1      | 809 ||| DROPPING potion of degeneration.
   956 | D:2      | Reached XP level 3. HP: 29/29 MP: 3/3
  1009 | D:2      | Found Xoisaps's Antique Weapon Boutique.
  1031 | D:2      | HP: 6/29 [gnoll/+4 halberd of freezing (5)]
  1032 | D:2      | Slain by a gnoll

Levels and vault maps discovered:
D:1:      ldierk_walled_garden_2, layout_basic, serial_shops, nicolae_shop_trees
D:2:      layout_basic, serial_shops, shop, minivault_19

Skill      XL: |  1  2 |
---------------+-------+-----
Ranged Weapons | 3 |  3.6
Fighting       | 2 |  2.0
Dodging        | |  2.1
Spellcasting   | |  1.0
Hexes          | |  2.0

Action                     || total
---------------------------++-------
   Fire: Sling             ||    59
    Use: Scroll            ||     3
         Potion            ||     1
 Armour: Ring mail         ||     3
  Dodge: Dodged            ||    12

Table legend:
 A = Non-vault XP
 B = Vault XP
 C = Vault XP percentage of total XP
 D = Non-vault monster count
 E = Vault monster count
 F = Vault count percentage of total count
                 A         B        C        D         E       F
            +---------+---------+-------+---------+---------+-------
      Total |      47 |       0 |   0.0 |      27 |       0 |   0.0
            +---------+---------+-------+---------+---------+-------
        D:1 |      39 |       0 |   0.0 |      21 |       0 |   0.0
        D:2 |       8 |       0 |   0.0 |       6 |       0 |   0.0
            +---------+---------+-------+---------+---------+-------
